AoeStats
← El Cardo

Lombardia

508321472Analyzed
2v2 RM · 11d ago on Sep 21, 2026· 50m 54s· 4 players
Game mode
Random Map
Map size
Medium (4 player)
Population
200
Speed
Normal
Resources
Standard
Victory
Conquest
Starting age
Dark Age
Ending age
Imperial Age
RankedLock teamsTeams togetherTeam positionsShared explorationLock speedFull tech treeHidden civsTurbo modeCheats
Victory
Defeat
🇨🇱 Persians · Chile
1054
+15
🇨🇱 Vikings · Chile
1053
+15
🇦🇷 Mongols · Argentina
1043
-15
🇦🇷 Britons · Argentina
1039
-15
El Cardo
6:35 Loom
8:44 Feudal Age
11:03 Double-Bit Axe
19:43 Castle Age
18:36 Gold Mining
19:16 Fletching
20:39 Wheelbarrow
19:58 Stone Mining
19:58 Town Watch
20:45 Bow Saw
21:58 Bloodlines
23:16 Husbandry
25:32 Bodkin Arrow
27:22 Horse Collar
28:09 Heavy Plow
30:30 Ballistics
31:11 Padded Archer Armor
32:33 Thumb Ring
37:57 Imperial Age
35:48 Light Cavalry
37:05 Scale Barding Armor
37:13 Forging
37:38 Masonry
37:47 Hand Cart
38:21 Gold Shaft Mining
38:13 Chain Barding Armor
38:06 Heavy Camel Rider
39:36 Conscription
39:22 Hussar
42:13 Iron Casting
41:45 Bracer
42:52 Elite Mangudai
44:36 Chemistry
49:03 Parthian Tactics
emidz
6:20 Loom
9:47 Feudal Age
12:53 Double-Bit Axe
19:58 Castle Age
18:11 Gold Mining
19:55 Horse Collar
22:32 Bow Saw
22:48 Fletching
23:46 Bodkin Arrow
25:21 Forging
25:11 Town Watch
26:02 Padded Archer Armor
28:00 Stone Mining
29:20 Heavy Plow
30:07 Wheelbarrow
32:13 Iron Casting
31:44 Scale Barding Armor
32:32 Leather Archer Armor
32:38 Hand Cart
37:47 Imperial Age
35:48 Husbandry
36:22 Chain Barding Armor
35:32 Elite Skirmisher
35:38 Light Cavalry
36:59 Pikeman
37:25 Gambesons
37:31 Gambesons
37:47 Squires
37:53 Scale Mail Armor
37:56 Town Patrol
38:52 Conscription
40:30 Gold Shaft Mining
39:52 Halberdier
44:11 Chain Mail Armor
44:57 Blast Furnace
47:59 Plate Mail Armor
49:49 Crossbowman
MarthDeAltea
11:34 Feudal Age
12:02 Double-Bit Axe
13:04 Loom
15:24 Castle Age
14:14 Horse Collar
17:25 Bow Saw
17:07 Loom
21:44 Gold Mining
22:48 Wheelbarrow
24:09 Husbandry
24:33 Stone Mining
25:27 Forging
26:49 Scale Barding Armor
27:52 Iron Casting
28:40 Bloodlines
29:28 Chain Barding Armor
30:05 Hand Cart
30:01 Town Watch
34:17 Imperial Age
32:07 Town Patrol
33:14 Heavy Plow
33:24 Fletching
33:38 Kamandaran
34:01 Cavalier
34:09 Cavalier
36:35 Plate Barding Armor
37:48 Blast Furnace
36:20 Heavy Camel Rider
38:01 Thumb Ring
37:17 Crossbowman
38:02 Bodkin Arrow
37:49 Savar
39:04 Conscription
39:24 Ballistics
38:38 Light Cavalry
40:38 Gold Shaft Mining
40:40 Stone Shaft Mining
40:08 Padded Archer Armor
41:23 Leather Archer Armor
42:15 Chemistry
40:41 Hussar
42:57 Ring Archer Armor
Rilian
10:32 Feudal Age
8:52 Loom
10:37 Feudal Age
17:12 Double-Bit Axe
17:09 Horse Collar
16:56 Man-at-Arms
26:07 Castle Age
24:00 Fletching
25:17 Forging
25:08 Scale Mail Armor
25:09 Padded Archer Armor
26:20 Elite Skirmisher
26:23 Long Swordsman
27:04 Squires
28:13 Bodkin Arrow
28:42 Gambesons
29:39 Iron Casting
30:29 Stone Mining
30:32 Gold Mining
31:10 Bow Saw
33:13 Chain Mail Armor
33:47 Town Watch
36:19 Town Patrol
36:33 Chieftains
39:17 Imperial Age
39:07 Leather Archer Armor
41:09 Ballistics
41:50 Chemistry
40:52 Bracer
41:53 Blast Furnace
41:23 Plate Mail Armor
41:25 Ring Archer Armor
42:01 Two-Man Saw
40:44 Two-Handed Swordsman
42:20 Conscription
42:53 Elite Berserk
42:58 Champion
45:01 Arson
45:27 Siege Engineers
44:48 Capped Ram
46:01 Siege Ram
49:04 Gold Shaft Mining
Connection lost

Rejoining the realm…

Still unreachable

The connection could not be restored.

Session expired

The server has moved on; the page needs a fresh start.